 Dungeon Crawl Stone Soup version 0.25.1-2-g60ff931df9 (webtiles) character file.

Game seed: 3073799734335163037

30 Delamore the Shield-Bearer (level 3, 0/24 HPs)
             Began as a Gargoyle Fighter on Sept 14, 2020.
             Slain by Natasha (6 damage)
             ... on level 2 of the Dungeon.
             The game lasted 00:01:06 (1107 turns).

Delamore the Shield-Bearer (Gargoyle Fighter)       Turns: 1107, Time: 00:01:07

Health: 0/24       AC: 12    Str: 20    XL:     3   Next: 18%
Magic:  3/3        EV:  5    Int:  8    God:
Gold:   55         SH:  9    Dex:  9    Spells: 2/2 levels left

rFire    . . .     SeeInvis .   a - +0 flail
rCold    . . .     Gourm    .   c - +0 kite shield
rNeg     + . .     Faith    .   j - +0 chain mail
rPois    ∞         Spirit   .   (no helmet)
rElec    +         Reflect  .   (no cloak)
rCorr    .         Harm     .   (no gloves)
MR       .....                  (no boots)
Stlth    ..........             (no amulet)
HPRegen  0.08/turn              (no ring)
MPRegen  0.08/turn              (no ring)

@: no status effects
A: negative energy resistance 1, electricity resistance, unbreathing,
petrification resistance, rot immunity, AC +3
a: no special abilities


You were on level 2 of the Dungeon.
You were not hungry.

You visited 1 branch of the dungeon, and saw 2 of its levels.

You collected 55 gold pieces.

Inventory:

Hand Weapons
 a - a +0 flail (weapon)
Missiles
 n - 15 poisoned darts (quivered)
 o - 5 javelins
Armour
 b - a +0 scale mail
 c - a +0 kite shield (worn)
 j - a +0 chain mail (worn)
Scrolls
 m - a scroll of teleportation {unknown}
Potions
 d - a potion of might
 e - a potion of brilliance {unknown}
 g - a potion of stabbing {unknown}
 h - 2 potions of haste {unknown}
 i - a potion of resistance {unknown}
 k - a potion of heal wounds {unknown}
 l - 2 potions of curing {unknown}
Comestibles
 f - 2 rations


   Skills:
 + Level 3.8 Fighting
 + Level 2.5 Maces & Flails
 + Level 0.1 Throwing
 - Level 3.2 Armour
 + Level 3.8 Shields


You had 2 spell levels left.
You didn't know any spells.
Your spell library was empty.

Dungeon Overview and Level Annotations

Branches:
Dungeon (2/15)

Altars:
Qazlal
Yredelemnul

Annotations:
D:2 2 transporters, Natasha


Innate Abilities, Weirdness & Mutations

You are resistant to torment.
Your stone body is resilient. (AC +3)
You are immune to poison.
You resist negative energy. (rN+)
You are resistant to electric shocks. (rElec)
You can survive without breathing.
You are immune to petrification.
You are immune to rotting.


Message History

Natasha claws you. The giant cockroach barely misses you.
The crimson imp shouts, "Quit, thou impertinent hedge-born nobody!"
The crimson imp blinks!
The giant cockroach bites you but does no damage.
You block Natasha's attack.
The giant cockroach bites you but does no damage.
The crimson imp hits you but does no damage.
The crimson imp disappears in a puff of smoke!
Natasha barely misses you. Natasha claws you.
* * * LOW HITPOINT WARNING * * *
The giant cockroach bites you but does no damage.
You feel yourself speed up.
Natasha mumbles some strange words.
You closely miss the giant cockroach. You block the giant cockroach's attack.
The giant cockroach bites you but does no damage.
You hit the giant cockroach.
You kill the giant cockroach!
Natasha claws you.
You die...

..###.#.# #........#
..# #.#.# #........#
..# #<#.# #....^...#
..#####.# #........#
........#########.##
.#######.......##.#
.# #.......##.# .#
#.......##.# .#
#......5h@.# .#
#.......#### .#
#.......##########
>#
######.5.§......)#
.# #...........# .#
#.÷.........# .#
#...........# .#
#...........# .#
#..(........#


You could see Natasha and a crimson imp (summoned).

Vanquished Creatures
  A dart slug (D:1)
  7 giant cockroaches
  6 goblins
  2 hobgoblins (D:1)
  2 kobolds (D:1)
  3 bats
  A frilled lizard (D:1)
  A rat (D:1)
23 creatures vanquished.

Notes
Turn   | Place    | Note
-------+----------+-------------------------------------------
     0 | D:1      | Delamore the Gargoyle Fighter began the quest for the Orb.
     0 | D:1      | Reached XP level 1. HP: 14/14 MP: 1/1
   189 | D:1      | Reached XP level 2. HP: 18/19 MP: 2/2
   409 | D:1      | Reached XP level 3. HP: 22/24 MP: 3/3
   869 | D:2      | Found a basalt altar of Yredelemnul.
   896 | D:2      | Found a stormy altar of Qazlal.
   896 | D:2      | Noticed a phantom
   904 | D:2      | Found a transporter.
   916 | D:2      | Found a transporter.
  1091 | D:2      | Noticed Natasha
  1107 | D:2      | Slain by Natasha

Illustrated notes

Levels and vault maps discovered:
D:1:      enne_arrival_octagon_isle, layout_loops_ring, minmay_worlds_worst_comb
D:2:      layout_basic, grunt_temple_overflow_holy_war,
          gammafunk_temple_overflow_arena,
          chequers_ecumenical_altar_simple_redux, uniq_natasha, uniq_sigmund

Action                   || total
-------------------------++-------
Melee: Flail             ||    85
  Eat: Chunk             ||     1
Armor: Scale mail        ||     6
       Chain mail        ||    52
Dodge: Dodged            ||    23
Block: Kite shield       ||    44
